 Dungeon Crawl Stone Soup version 0.25.1-8-g42b30a86e7 (webtiles) character file.

Game seed: 18358536275823592488

735475 Erymatos the Minotaur Barricade (level 27, -36/273 HPs)
             Began as a Minotaur Berserker on Dec 4, 2020.
             Was the Champion of Trog.
             Killed from afar by a Brimstone Fiend (50 damage)
             ... with damnation
             ... on level 7 of Gehenna.
             The game lasted 04:24:48 (81773 turns).

Erymatos the Minotaur Barricade (MiBe)             Turns: 81773, Time: 04:24:49

Health: -36/273    AC: 39    Str: 42 (43) XL:     27
Magic:  22/22      EV: 29    Int:  3 (4)  God:    Trog [******]
Gold:   5101       SH: 40    Dex: 12      Spells: 26/26 levels left

rFire    + + +     SeeInvis .   R - +8 broad axe (vorpal)
rCold    + + +     Gourm    .   n - +10 tower shield of Ignorance {rN+ Int-4}
rNeg     + + +     Faith    .   X - +9 pearl dragon scales of Immorality {+Fly rElec rF+ rN+ Stlth+}
rPois    +         Spirit   .   I - +1 hat {MR+}
rElec    +         Reflect  .   L - +0 cloak of Indomitability {*Drain rElec rC++ Int+4}
rCorr    .         Harm     .   p - +2 pair of gloves {Str+3}
MR       +++++     Clarity  +   M - +2 pair of boots {run}
Stlth    ++++......             z - amulet of the Four Winds {rN+ MR+++ Clar}
HPRegen  0.55/turn              y - ring of Kogeguah {rC+ EV+4 Str+5}
MPRegen  0.18/turn              N - ring "Vyepuq" {rPois rF++ rC+ Str+2 Slay-2}

@: quick
A: retaliatory headbutt, hooves 1, horns 2, deterioration 1, mutation resistance
1
}: 4/15 runes: barnacled, slimy, silver, gossamer
a: Berserk, Trog's Hand, Brothers in Arms, Renounce Religion, Evoke Flight


You were on level 7 of Gehenna.
You worshipped Trog.
Trog was exalted by your worship.
You were not hungry.

You visited 14 branches of the dungeon, and saw 62 of its levels.
You visited the Abyss 3 times.
You visited 1 bazaar.
You also visited: Trove and Sewer.

You collected 12661 gold pieces.
You spent 7560 gold pieces at shops.

Inventory:

Hand Weapons
 x - a +2 broad axe of flaming
 R - a +8 vorpal broad axe (weapon)
 Z - a +5 trishula of holy wrath
Armour
 g - a scarf of repulsion
 n - the +10 tower shield of Ignorance (worn) {rN+ Int-4}
   (You found it on level 5 of the Vaults)

   It affects your intelligence (-4).
   It protects you from negative energy.
 p - a +2 pair of gloves of strength (worn)
 q - a +2 pair of boots of flying
 I - a +1 hat of magic resistance (worn)
 L - the +0 cloak of Indomitability (worn) {*Drain rElec rC++ Int+4}
   (You acquired it in a bazaar)

   It affects your intelligence (+4).
   It greatly protects you from cold.
   It insulates you from electricity.
   It causes draining when unequipped.
 M - a +2 pair of boots of running (worn)
 Q - the +4 kite shield of Instinct {*Contam rN+ Regen+ Stlth+}
   (You acquired it on level 1 of the Elven Halls)

   It protects you from negative energy.
   It causes magical contamination when unequipped.
   It increases your rate of regeneration.
   It makes you more stealthy.
 T - the +0 cloak of Follow the Leader {*Contam Harm rF+ MR+}
   (You bought it in a shop in a bazaar)

   It protects you from fire.
   It affects your resistance to hostile enchantments.
   It causes magical contamination when unequipped.
   It increases damage dealt and taken.
 X - the +9 pearl dragon scales of Immorality (worn) {+Fly rElec rF+ rN+ Stlth+}
   (You bought it in a shop in a bazaar)

   It protects you from fire.
   It insulates you from electricity.
   It protects you from negative energy.
   It lets you fly.
   It makes you more stealthy.
Jewellery
 a - the amulet "Ilipput" {Reflect Fragile rC+ Str+4 Dex+2 SH+5}
   (You found it on level 3 of the Crypt)

   [amulet of reflection]

   It shields you and reflects attacks.
   It affects your strength (+4).
   It affects your dexterity (+2).
   It protects you from cold.
   It will be destroyed if unequipped.
   It affects your SH (+5).
 y - the ring of Kogeguah (left hand) {rC+ EV+4 Str+5}
   (You found it on level 3 of the Crypt)

   [ring of evasion]

   It affects your evasion (+4).
   It affects your strength (+5).
   It protects you from cold.
 z - the amulet of the Four Winds (around neck) {rN+ MR+++ Clar}
   (You found it on level 3 of the Shoals)

   [amulet of nothing]

   It protects you from negative energy.
   It affects your resistance to hostile enchantments.
   It protects you against confusion.
 C - the amulet "Ebbocve" {Faith *Contam rF+ Dex+4 Slay+2 Stlth-}
   (You found it in a treasure trove)

   [amulet of faith]

   It allows you to gain divine favour quickly.
   It affects your dexterity (+4).
   It affects your accuracy and damage with ranged weapons and melee attacks
   (+2).
   It protects you from fire.
   It causes magical contamination when unequipped.
   It makes you less stealthy.
 D - the ring "Heeth" {+Fly rElec rPois rN+++ Str-3}
   (You found it in a treasure trove)

   [ring of flight]

   It affects your strength (-3).
   It insulates you from electricity.
   It protects you from poison.
   It renders you almost immune to negative energy.
   It lets you fly.
 J - the ring "Heehust" {*Slow rF+ Dex+8 SInv Stlth+}
   (You found it on level 2 of the Shoals)

   [ring of see invisible]

   It affects your dexterity (+8).
   It protects you from fire.
   It lets you see invisible.
   It may slow you when you take damage.
   It makes you more stealthy.
 K - the ring "Ocauskir" {rPois MR+ rCorr Stlth+}
   (You found it in a treasure trove)

   [ring of resist corrosion]

   It protects you from poison.
   It affects your resistance to hostile enchantments.
   It provides partial protection from all sources of acid and corrosion.
   It makes you more stealthy.
 N - the ring "Vyepuq" (right hand) {rPois rF++ rC+ Str+2 Slay-2}
   (You found it in a treasure trove)

   [ring of poison resistance]

   It affects your strength (+2).
   It affects your accuracy and damage with ranged weapons and melee attacks
   (-2).
   It greatly protects you from fire.
   It protects you from cold.
   It protects you from poison.
 U - the amulet of Diotwuitt {Regen+ Str+4 Dex+8}
   (You found it on level 4 of the Shoals)

   [amulet of regeneration]

   It affects your strength (+4).
   It affects your dexterity (+8).
   It increases your rate of regeneration.
Wands
 S - a wand of digging (27)
Scrolls
 h - 10 scrolls of enchant armour
 i - 5 scrolls of immolation
 k - 2 scrolls of torment
 o - 8 scrolls of blinking
 r - 5 scrolls of vulnerability
 s - 38 scrolls of teleportation
 t - 7 scrolls of fog
 u - 31 scrolls of identify
 w - 14 scrolls of magic mapping
 E - 31 scrolls of remove curse
 P - 2 scrolls of silence
Potions
 b - 4 potions of lignification
 d - a potion of cancellation
 e - 9 potions of might
 f - 7 potions of haste
 j - 11 potions of flight
 l - 14 potions of curing
 m - 7 potions of stabbing
 v - 2 potions of resistance
 A - 2 potions of invisibility
 B - 10 potions of heal wounds
 G - 6 potions of ambrosia
 H - 4 potions of mutation
Comestibles
 c - 48 rations


   Skills:
 O Level 27 Fighting
 O Level 27 Axes
 + Level 21.7 Armour
 + Level 25.8 Dodging
 + Level 12.0 Stealth
 O Level 27 Shields
 - Level 1.0 Evocations


You had 26 spell levels left.
You didn't know any spells.
Your spell library was empty.

Dungeon Overview and Level Annotations

Branches:
Dungeon (15/15)            Temple (1/1) D:6            Lair (6/6) D:10
 Shoals (4/4) Lair:3       Spider (4/4) Lair:3        Slime (5/5) Lair:5
    Orc (2/2) D:12            Elf (3/3) Orc:2        Vaults (5/5) D:13
  Crypt (3/3) Vaults:3       Tomb (1/3) Crypt:3      Depths (5/5) D:15
   Hell (visited)             Dis (0/7) Hell            Geh (7/7) Hell
    Coc (0/7) Hell            Tar (0/7) Hell            Zot (0/5) Depths:5
  Sewer (visited)

Altars:
Ashenzari
Cheibriados
Dithmenos
Elyvilon
Fedhas
Gozag
Hepliaklqana
Kikubaaqudgha
Makhleb
Nemelex Xobeh
Okawaru
Qazlal
Ru
Sif Muna
Trog
Uskayaw
Vehumet
Wu Jian
Xom
Yredelemnul
Zin
The Shining One
Beogh
Jiyva
Lugonu

Shops:
D:12 [   D:13 *   Orc:2 *[[(   Elf:1 ?   Elf:2 =}=?   Elf:3 }   Vaults:1 :![!?
Vaults:5 (

Portals:
Hell: Depths:1 Depths:2 Depths:3 Depths:4 Depths:5
Abyss: Depths:3 Depths:4
Pandemonium: Depths:1 Depths:3
Ziggurat: Depths:4


Innate Abilities, Weirdness & Mutations

You reflexively headbutt those who attack you in melee.
You have a pair of horns on your head.
You have large cloven feet.
Your body sometimes deteriorates upon taking damage.
You are somewhat resistant to further mutation.


Message History

The hellion gestures at you.
The sphere of damnation explodes!
The damnation engulfs you!!
* * * LOW HITPOINT WARNING * * *
The damnation engulfs the Brimstone Fiend.
The Brimstone Fiend completely resists.
The hellion gestures at you.
The sphere of damnation explodes!
The damnation engulfs you!!
* * * LOW HITPOINT WARNING * * *
The damnation engulfs the Brimstone Fiend.
The Brimstone Fiend completely resists.
You feel much better. The hellion gestures at you.
The sphere of damnation explodes!
The damnation engulfs you!!
* * * LOW HITPOINT WARNING * * *
The damnation engulfs the hellion.
The hellion completely resists.
The damnation engulfs the Brimstone Fiend.
The Brimstone Fiend completely resists.
The Brimstone Fiend gestures at you.
The sphere of damnation explodes!
The damnation engulfs you!!!
You die...

,,+**............##'..§..# #....≈
,+++,.............'''....# #.....
**+,,........).....'##§..# #.....
*****##++####2)########..# #.....
*******++* #''########'.# #.....
**,,,,,,,* #.).....##'''# #.††..
**,8,,,,'####)....8.##.'## #.....
**,,,,,'''[}'''2....##..## #.†...
**,,,,*#'$..$'##@...##...# ##....
**,,,**##########1..##...# ##...
**,,+************'..##...######..
**,+++**,,,,,,**+''.##...''$####.
****+,**,,,,,,**,'####...''$$####
* *,,**,,,,,,**,.# ######..=# # *
*,,**,,,,,,**,.# ######$.:# #
****+,**,,,,,,**,'#**#...''..####
**,+++**,,,,,,**+++,*#...').####.


You could see a Brimstone Fiend and 2 hellions.

Vanquished Creatures
  the Royal Jelly (Slime:5)
  Mennas (Depths:3)
  3 ancient liches
  3 juggernauts
  Frederick (Vaults:3)
  Geryon (Hell)
  A golden dragon (Depths:2)
  Arachne (Spider:2)
  2 bone dragons
  42 Brimstone Fiends
  5 tentacled monstrosities
  3 deep elf blademasters
  Asterion (Spider:1)
  2 deep elf master archers (Elf:3)
  12 liches
  The ghost of Suwott the Warrior, an adept GrFi of Okawaru (Shoals:2)
  4 titans
  An Executioner (Abyss:2)
  22 acid blobs
  Gastronok (Lair:2)
  A quicksilver dragon (Depths:4)
  6 storm dragons
  5 tentacled starspawn (Abyss:2)
  5 ancient champions
  7 sphinxes
  7 tengu reavers
  A draconian monk (Depths:5)
  4 shadow dragons
  A storm dragon (shapeshifter) (Depths:4)
  The ghost of Clowwww the Severer, an adept DsBe of Trog (Spider:3)
  Agnes (D:14)
  16 azure jellies
  3 revenants
  Roxanne (Elf:1)
  12 vault wardens
  17 fire giants
  19 frost giants
  2 iron dragons
  An emperor scorpion (shapeshifter) (Depths:4)
  6 deep elf sorcerers
  A deep elf elementalist (Elf:3)
  10 balrugs
  A draconian scorcher (Depths:5)
  2 emperor scorpions (Spider:4)
  4 ghost moths (Spider:4)
  5 ghouls (Crypt:1)
  3 spriggan defenders
  16 reapers
  17 stone giants
  9 war gargoyles
  A draconian annihilator (Depths:4)
  4 entropy weavers
  15 ironheart preservers
  13 deep elf demonologists
  10 very ugly things
  8 vampire knights
  3 bennus (Tomb:1)
  5 lorocyprocas
  15 deep elf annihilators
  A green draconian (Depths:5)
  A black draconian (Depths:5)
  3 white draconians (Depths:5)
  A dire elephant (shapeshifter) (Depths:4)
  3 spark wasps
  A purple draconian (Depths:5)
  8 deep elf death magi
  3 blizzard demons (Hell)
  4 merfolk javelineers
  8 fire dragons
  The ghost of deki the Carver, a journeyman MiBe of Trog (Orc:1)
  A quicksilver dragon zombie (Geh:1)
  7 jiangshi
  20 ettins
  13 merfolk impalers
  An ettin (shapeshifter) (Vaults:5)
  4 eidola
  11 great orbs of eyes
  13 death oozes
  6 mummy priests (Tomb:1)
  8 deep elf high priests
  The ghost of Beumoun the Fighter, a journeyman DrTm of Makhleb (D:11)
  18 yaktaur captains
  A kraken zombie (Hell)
  An ice dragon (shapeshifter) (Depths:4)
  2 hell beasts
  12 ice dragons
  Erolcha (Orc:2)
  A hydra (shapeshifter) (Depths:4)
  8 spriggan air magi
  28 vault guards
  3 hydras
  3 quicksilver dragon skeletons
  4 catoblepae
  5 rakshasas
  6 death knights
  4 merfolk avatars
  An alligator snapping turtle (Shoals:2)
  5 satyrs
  17 death yaks
  28 dancing weapons
  12 deep troll earth magi
  8 centaur warriors
  2 merfolk aquamancers
  6 vampire magi
  32 two-headed ogres
  64 hell hogs
  A queen ant (D:8)
  14 death scarabs
  2 deep troll shamans
  11 ogre magi
  5 tengu warriors
  19 deep elf knights
  6 titan zombies
  5 thrashing horrors (Abyss:2)
  A shock serpent (Depths:4)
  Urug (Orc:2)
  2 spriggan berserkers (Depths:5)
  2 soul eaters (Hell)
  3 titan skeletons
  2 wretched stars (Abyss:2)
  6 storm dragon zombies
  An iron golem (Geh:7)
  17 sun demons
  A ghost moth zombie (Geh:1)
  5 golden dragon zombies
  A spectral emperor scorpion (Spider:4)
  An iron troll (Depths:2)
  3 sixfirhies
  63 hell knights
  4 shadow wraiths
  28 skeletal warriors
  An unseen horror (D:12)
  4 storm dragon skeletons
  3 wizards
  26 deep trolls
  21 flayed ghosts
  17 sea snakes
  3 anaconda zombies
  A lindwurm (Lair:3)
  15 deep elf archers
  4 glowing orange brains
  2 lindwurms (shapeshifter) (Depths:4)
  3 starcursed masses (Abyss:2)
  12 harpies
  2 shadow dragon zombies
  6 orc knights
  12 ironbrand convokers
  29 necromancers
  3 spectral wolf spiders (Spider:4)
  7 golden dragon skeletons
  9 phantasmal warriors
  23 wolf spiders
  A mana viper (shapeshifter) (Depths:4)
  5 iron dragon zombies
  3 orc sorcerers
  6 anaconda skeletons
  A wolf spider (shapeshifter) (Depths:2)
  6 cyclopes
  48 deep elf magi
  5 shining eyes
  4 wolf spider zombies
  16 fauns
  An oklob plant (Lair:4)
  37 ugly things
  A tengu skeleton (Vaults:4)
  9 stone giant zombies
  4 frost giant zombies
  A salamander (Depths:3)
  20 orb spiders
  5 shadow dragon skeletons
  7 elephants
  15 manticores
  A worldbinder (Abyss:2)
  4 moths of wrath
  5 black mambas
  A moth of wrath (shapeshifter) (Vaults:1)
  A salamander (shapeshifter) (Depths:4)
  6 fire giant zombies
  5 stone giant skeletons
  6 eyes of devastation
  9 merfolk sirens
  2 shock serpent zombies
  9 frost giant skeletons
  6 water nymphs
  4 dire elephant zombies
  18 fire giant skeletons
  8 rust devils
  11 vault sentinels
  A black mamba (shapeshifter) (Abyss:2)
  4 dire elephant skeletons
  A guardian serpent (shapeshifter) (Depths:4)
  7 iron dragon skeletons
  A torpor snail (Lair:6)
  An orange demon (Abyss:2)
  14 smoke demons
  6 human skeletons
  11 molten gargoyles
  A naga mage (Depths:4)
  13 large abominations
  6 spiny frogs
  A catoblepas zombie (Geh:4)
  An eye of devastation (shapeshifter) (Vaults:5)
  9 gargoyles
  2 rime drakes
  2 spectral redbacks (Spider:4)
  2 shock serpent skeletons
  8 human zombies
  A storm dragon simulacrum (Vaults:4)
  41 hellions
  27 tormentors
  4 komodo dragons
  Maggie (D:7)
  13 demonic crawlers
  A redback zombie (Spider:4)
  A rime drake (shapeshifter) (Depths:3)
  48 yaktaurs
  3 elf zombies
  2 ice devils (Hell)
  An emperor scorpion zombie (Geh:3)
  9 efreet
  A catoblepas skeleton (Geh:5)
  11 freezing wraiths
  A queen bee (D:11)
  2 hellwings
  3 ancient zymes (Abyss:2)
  3 guardian mummies
  A white draconian skeleton (Geh:1)
  An anaconda simulacrum (Hell)
  5 tengu conjurers
  A tyrant leech (shapeshifter) (Depths:4)
  A merfolk (shapeshifter) (Depths:1)
  3 meliai (D:13)
  4 wind drakes
  5 hydra zombies
  A jumping spider (shapeshifter) (Depths:5)
  A meliai (shapeshifter) (Depths:4)
  31 red devils
  7 trolls
  15 blink frogs
  5 harpy skeletons
  35 jumping spiders
  25 merfolk
  3 polar bears (Lair:6)
  5 spectral jumping spiders (Spider:4)
  13 raiju (Abyss:2)
  A raiju (shapeshifter) (Depths:1)
  A tengu simulacrum (Depths:2)
  3 spectral tarantellas (Spider:4)
  9 dream sheep
  6 hydra skeletons
  9 hornets
  A deep troll zombie (D:15)
  4 fire dragon zombies
  10 snapping turtles
  A tarantella zombie (Spider:4)
  97 slime creatures
  3 ice dragon zombies
  4 ettin zombies
  5 alligator zombies
  16 hippogriffs
  66 flying skulls
  A centaur simulacrum (D:15)
  2 ice dragon skeletons
  26 tarantellas
  15 fire dragon skeletons
  A fire giant simulacrum (Depths:2)
  3 air elementals
  17 water elementals
  27 shadows
  A tarantella (shapeshifter) (Depths:1)
  39 wraiths
  5 ettin skeletons
  62 redbacks
  2 wyverns
  42 yaks
  Eustachio (D:5)
  8 vampires
  A ynoxinul (Abyss:2)
  17 golden eyes
  4 basilisks
  A basilisk (shapeshifter) (Depths:1)
  2 ushabtiu (Tomb:1)
  51 fire elementals
  A hog (shapeshifter) (Vaults:1)
  5 fire bats
  7 small abominations (Abyss:2)
  4 hogs (D:7)
  4 chaos spawn (Abyss:2)
  20 humans
  5 black mamba skeletons
  2 neqoxecs (Abyss:2)
  5 hungry ghosts
  2 vampire mosquitoes (D:15)
  A merfolk zombie (Geh:4)
  A glowing shapeshifter zombie (Crypt:1)
  A gelid demonspawn zombie (Crypt:1)
  6 insubstantial wisps (Abyss:2)
  A water nymph zombie (Crypt:2)
  The ghost of kaldamae the Changer, an amateur OpTm (D:3)
  7 soldier ants (D:8)
  2 wargs
  An acid dragon (Vaults:2)
  A swamp worm (shapeshifter) (Depths:4)
  130 hell hounds
  6 spiny frog zombies
  7 porcupines
  2 floating eyes
  11 water moccasins
  2 hydra simulacra (Hell)
  A floating eye (shapeshifter) (Depths:5)
  5 spiny frog skeletons
  2 manticore zombies (Geh:6)
  3 sky beasts
  2 swamp dragon zombies (Geh:4)
  3 ice beasts
  30 orc warriors
  A black bear (D:11)
  7 eyes of draining
  2 eyes of draining (shapeshifter)
  26 ogres
  11 phantoms
  3 snapping turtle zombies
  A blink frog zombie (Crypt:2)
  10 boggarts
  21 necrophages
  An ettin simulacrum (Depths:2)
  2 snapping turtle skeletons
  5 wolves (Lair:4)
  A torpor snail zombie (Crypt:2)
  2 swamp dragon skeletons
  22 centaurs
  6 crocodiles
  2 big kobolds
  A komodo dragon zombie (Crypt:2)
  11 bullfrogs
  4 earth elementals
  A wyvern skeleton (D:8)
  4 scorpions
  A spriggan zombie (Geh:2)
  A raiju zombie (Crypt:2)
  An elf simulacrum (Vaults:4)
  65 wights
  27 killer bees
  A killer bee (shapeshifter) (Vaults:5)
  3 spriggan skeletons
  2 howler monkeys (D:8)
  An electric eel (Spider:1)
  A wolf skeleton (Crypt:1)
  A troll skeleton (D:12)
  A bullfrog zombie (D:8)
  2 centaur zombies
  20 crimson imps
  A yaktaur simulacrum (Vaults:1)
  12 jellies
  4 hounds
  6 quasits
  2 bullfrog skeletons (D:13)
  29 orc priests
  7 iron imps
  12 centaur skeletons
  Ijyb (D:5)
  An iguana (D:12)
  29 orc wizards
  28 worker ants
  A naga zombie (Geh:2)
  A tengu zombie (Geh:5)
  2 ogre zombies
  A big kobold skeleton (Crypt:2)
  A demigod skeleton (Crypt:1)
  2 hound skeletons
  A hound zombie (D:5)
  10 mummies
  2 howler monkey zombies
  A worker ant zombie (D:6)
  Robin (D:2)
  14 adders
  2 river rats (D:6)
  3 white imps
  3 ufetubi
  21 oozes
  An adder skeleton (D:4)
  2 adder zombies
  3 worms
  2 dart slugs
  15 leopard geckos
  94 orcs
  19 giant cockroaches
  16 goblins
  8 hobgoblins
  9 jackals
  19 kobolds
  7 quokkas
  20 ball pythons
  7 bats
  17 frilled lizards
  An orc skeleton (Geh:7)
  A quokka skeleton (D:5)
  A quokka zombie (D:6)
  5 rats (D:1)
  2 crawling corpses (Vaults:5)
  14 fungi
  A lurking horror (Abyss:2)
  15 plants
  3 starspawn tentacles (Abyss:2)
  A tentacle (Hell)
  A withered plant (D:15)
3479 creatures vanquished.

Vanquished Creatures (collateral kills)
  Mara (Spider:3)
  A greater mummy (Tomb:1)
  Bai Suzhen (Spider:3)
  Nikola (Spider:2)
  A lich (Tomb:1)
  A sphinx (Tomb:1)
  An ancient champion (Tomb:1)
  A fire giant (Geh:7)
  Donald (Orc:2)
  A deep elf elementalist (Elf:3)
  2 deep elf sorcerers (Elf:3)
  Louise (Spider:2)
  A curse skull (Crypt:3)
  An orc warlord (Orc:2)
  A deep elf demonologist (Elf:3)
  A stone giant (Orc:2)
  A bennu (Tomb:1)
  Nessos (D:14)
  A deep elf annihilator (Elf:3)
  A deep elf death mage (Elf:3)
  A merfolk impaler (Shoals:4)
  2 mummy priests (Tomb:1)
  A death ooze (Slime:5)
  A deep elf high priest (Elf:3)
  3 hydras
  A merfolk aquamancer (Shoals:4)
  2 merfolk avatars
  An alligator snapping turtle (Shoals:3)
  A death yak (Lair:6)
  A vampire mage (D:15)
  A hell hog (Geh:2)
  A deep elf knight (Elf:3)
  A sun demon (Geh:7)
  A skeletal warrior (Tomb:1)
  A spectral emperor scorpion (Spider:4)
  A sea snake (Shoals:4)
  An orc knight (Orc:2)
  A wolf spider zombie (D:15)
  3 harpies (Shoals:1)
  3 orb spiders
  2 ugly things (D:15)
  2 orc sorcerers (Orc:2)
  3 fauns (Shoals:3)
  A shadow dragon skeleton (Crypt:3)
  A manticore (Shoals:3)
  4 merfolk sirens
  A gargoyle (D:15)
  A centaur skeleton (D:15)
  A dire elephant skeleton (Geh:7)
  3 guardian mummies (Tomb:1)
  2 demonic crawlers (Spider:2)
  2 red devils (Geh:2)
  2 komodo dragons
  4 merfolk (Shoals:4)
  A jumping spider (Spider:4)
  A wind drake (Shoals:3)
  2 slime creatures (D:15)
  4 snapping turtles
  9 flying skulls
  A fire dragon zombie (D:15)
  3 tarantellas (Spider:4)
  A vampire (Crypt:3)
  A water elemental (Shoals:1)
  An ushabti (Tomb:1)
  3 yaks (Lair:6)
  A basilisk (Lair:3)
  A warg (Orc:2)
  12 orc warriors
  A necrophage (Geh:2)
  A spiny frog skeleton (Geh:2)
  A crocodile (Lair:6)
  An ogre (Orc:2)
  A wight (Geh:2)
  A howler monkey (D:13)
  A crimson imp (Geh:7)
  3 orc wizards (Orc:2)
  2 orc priests (Orc:2)
  A human skeleton (Tomb:1)
  23 orcs (Orc:2)
155 creatures vanquished.

Vanquished Creatures (others)
  An ettin (Vaults:1)
  6 hell hogs
  An orc knight (Vaults:5)
  5 deep elf magi
  2 manticores
  A stone giant skeleton (Geh:7)
  A jumping spider (Spider:2)
  A red devil (Geh:2)
  A wraith (Geh:1)
  A hell hound (Geh:3)
  A spiny frog skeleton (Geh:7)
  2 ogres
  A centaur (Vaults:3)
  2 iron imps (Geh:1)
  3 fungi
  13 plants
  9 starspawn tentacles (Abyss:2)
  3 tentacles (Hell)
  2 withered plants (Spider:3)
56 creatures vanquished.

Grand Total: 3690 creatures vanquished

Notes
Turn   | Place    | Note
-------+----------+-------------------------------------------
     0 | D:1      | Erymatos the Minotaur Berserker began the quest for the
                  | Orb.
     0 | D:1      | Reached XP level 1. HP: 19/19 MP: 0/0
   533 | D:1      | Reached XP level 2. HP: 26/27 MP: 1/1
   669 | D:1      | Reached XP level 3. HP: 20/33 MP: 2/2
   836 | D:1      | Reached ** piety under Trog
  1428 | D:2      | Noticed Robin
  1446 | D:2      | Killed Robin
  1624 | D:2      | Reached XP level 4. HP: 41/41 MP: 3/3
  1907 | D:3      | Reached skill level 5 in Axes
  2169 | D:3      | Reached XP level 5. HP: 19/47 MP: 4/4
  2212 | D:3      | Reached *** piety under Trog
  2532 | D:3      | Reached skill level 5 in Fighting
  2763 | D:3      | Found a glowing golden altar of the Shining One.
  3111 | D:3      | Found a runed translucent door.
  3111 | D:3      | Noticed kaldamae's ghost (amateur OpTm)
  3269 | D:3      | Killed kaldamae's ghost
  3269 | D:3      | Reached XP level 6. HP: 56/56 MP: 5/5
  3541 | D:4      | Reached XP level 7. HP: 62/62 MP: 6/6
  3789 | D:5      | Entered Level 5 of the Dungeon
  3789 | D:5      | Noticed Eustachio
  3794 | D:5      | Killed Eustachio
  3818 | D:5      | Reached **** piety under Trog
  4065 | D:5      | Noticed Ijyb
  4077 | D:5      | Killed Ijyb
  4077 | D:5      | Reached skill level 5 in Dodging
  4343 | D:6      | Reached XP level 8. HP: 71/71 MP: 7/7
  4361 | D:6      | Found a glowing drain.
  4525 | Sewer    | Entered a sewer
  4701 | Sewer    | Reached ***** piety under Trog
  4716 | Sewer    | Reached skill level 10 in Axes
  5197 | D:6      | Reached XP level 9. HP: 59/79 MP: 8/8
  5532 | D:6      | Found a staircase to the Ecumenical Temple.
  6063 | D:7      | Noticed Maggie
  6071 | D:7      | Killed Maggie
  6071 | D:7      | Reached skill level 5 in Armour
  6544 | D:7      | Received a gift from Trog
  6902 | D:8      | Reached XP level 10. HP: 75/90 MP: 9/9
  7516 | D:8      | Noticed a queen ant
  7527 | D:8      | Killed a queen ant
  7527 | D:8      | Reached skill level 1 in Stealth
  8605 | D:10     | Entered Level 10 of the Dungeon
  8607 | D:10     | Noticed a death yak
  8607 | D:10     | Noticed a death yak
  8607 | D:10     | Noticed a death yak
  8607 | D:10     | Noticed a death yak
  8608 | D:10     | Found a staircase to the Lair.
  8608 | D:10     | Noticed a death yak
  8608 | D:10     | Noticed a death yak
  8608 | D:10     | Noticed a death yak
  8610 | D:10     | Noticed a death yak
  8617 | D:10     | Killed a death yak
  8617 | D:10     | Reached XP level 11. HP: 99/99 MP: 10/10
  8617 | D:10     | Killed a death yak
  8617 | D:10     | Reached skill level 10 in Fighting
  8617 | D:10     | Reached skill level 15 in Axes
  8620 | D:10     | Killed a death yak
  8622 | D:10     | Killed a death yak
  8627 | D:10     | Killed a death yak
  8628 | D:10     | Killed a death yak
  8628 | D:10     | Killed a death yak
  8630 | D:10     | Killed a death yak
  8630 | D:10     | Reached ****** piety under Trog
  9537 | D:11     | Noticed a two-headed ogre
  9537 | D:11     | Noticed a two-headed ogre
  9540 | D:11     | Killed a two-headed ogre
  9543 | D:11     | Killed a two-headed ogre
  9568 | D:11     | Identified a scroll of acquirement
  9730 | D:11     | Received a gift from Trog
  9731 | D:11     | Reached XP level 12. HP: 110/110 MP: 11/11
 10023 | D:11     | Found a runed translucent door.
 10023 | D:11     | Noticed Beumoun's ghost (journeyman DrTm)
 10067 | D:11     | Noticed a two-headed ogre
 10073 | D:11     | Killed a two-headed ogre
 10227 | D:11     | Noticed a two-headed ogre
 10233 | D:11     | Killed a two-headed ogre
 10450 | D:11     | Killed Beumoun's ghost
 10450 | D:11     | Reached skill level 10 in Armour
 11289 | D:12     | Noticed a two-headed ogre
 11296 | D:12     | Killed a two-headed ogre
 11715 | D:12     | Found Fiuz's Armour Shoppe.
 11716 | D:12     | Found a staircase to the Orcish Mines.
 11738 | D:12     | Bought a +2 plate armour of magic resistance for 600 gold
                  | pieces
 11738 | D:12     | Bought a +1 cloak of poison resistance for 202 gold pieces
 12247 | Lair:1   | Entered Level 1 of the Lair of Beasts
 13003 | Lair:1   | Reached skill level 1 in Shields
 13129 | Lair:1   | Noticed a six-headed hydra
 13137 | Lair:1   | Killed an 11-headed hydra
 13365 | Lair:2   | Noticed a death yak
 13373 | Lair:2   | Noticed a death yak
 13375 | Lair:2   | Noticed a death yak
 13378 | Lair:2   | Noticed a death yak
 13379 | Lair:2   | Killed a death yak
 13380 | Lair:2   | Noticed a death yak
 13380 | Lair:2   | Noticed a death yak
 13384 | Lair:2   | Killed a death yak
 13384 | Lair:2   | Reached XP level 13. HP: 119/119 MP: 4/12
 13487 | Lair:2   | Got a transparent tin ring
 13489 | Lair:2   | Identified the ring of Waycrat {rC+ Stlth-} (You found it
                  | on level 2 of the Lair of Beasts)
 13826 | Lair:2   | Noticed Gastronok
 13843 | Lair:2   | Killed Gastronok
 14375 | Lair:3   | Found a hole to the Spider Nest.
 14884 | Lair:3   | Reached skill level 5 in Shields
 15117 | Lair:3   | Found a staircase to the Shoals.
 15182 | Lair:3   | Received a gift from Trog
 17326 | Lair:5   | Reached XP level 14. HP: 132/132 MP: 4/13
 17449 | Lair:5   | Found a staircase to the Slime Pits.
 17449 | Lair:5   | Found a viscous altar of Jiyva.
 18124 | Lair:6   | Entered Level 6 of the Lair of Beasts
 19173 | Lair:6   | Received a gift from Trog
 19197 | Lair:6   | Reached skill level 10 in Shields
 19966 | Orc:1    | Entered Level 1 of the Orcish Mines
 20010 | Orc:1    | Found a runed translucent door.
 20012 | Orc:1    | Noticed deki's ghost (journeyman MiBe)
 20064 | Orc:1    | Killed deki's ghost
 20173 | Orc:1    | Found a roughly hewn altar of Beogh.
 20623 | Orc:2    | Entered Level 2 of the Orcish Mines
 20685 | Orc:2    | Noticed Erolcha
 20689 | Orc:2    | Found a roughly hewn altar of Beogh.
 20691 | Orc:2    | Killed Erolcha
 20857 | Orc:2    | Noticed Donald
 20877 | Orc:2    | Killed Donald
 21026 | Orc:2    | Found a roughly hewn altar of Beogh.
 21070 | Orc:2    | Found a roughly hewn altar of Beogh.
 21071 | Orc:2    | Found Oziynn's Armour Shop.
 21071 | Orc:2    | Noticed Urug
 21083 | Orc:2    | Killed Urug
 21150 | Orc:2    | Bought a +2 pair of gloves of strength for 387 gold pieces
 21189 | Orc:2    | Found a roughly hewn altar of Beogh.
 21205 | Orc:2    | Found Asuocoumn's Assorted Antiques.
 21212 | Orc:2    | Bought a small cameo amulet for 120 gold pieces
 21292 | Orc:2    | Noticed a stone giant
 21310 | Orc:2    | Killed a stone giant
 21315 | Orc:2    | Found a roughly hewn altar of Beogh.
 21315 | Orc:2    | Found a staircase to the Elven Halls.
 21350 | Orc:2    | Noticed an orc warlord
 21434 | Orc:2    | Killed an orc warlord
 21434 | Orc:2    | Reached skill level 15 in Fighting
 21746 | Orc:2    | Found Vah Ryso's Antique Weapon Shoppe.
 21747 | Orc:2    | Found a roughly hewn altar of Beogh.
 21748 | Orc:2    | Found Ecezihy's Antique Armour Emporium.
 21861 | Orc:2    | Found a roughly hewn altar of Beogh.
 22097 | D:13     | Found Amoudghyo's Assorted Antiques.
 22435 | D:13     | Found a portal to a secret trove of treasure.
 22674 | D:13     | You fall into a shaft and drop 2 floors!
 22674 | D:15     | Entered Level 15 of the Dungeon
 22685 | D:15     | Reached XP level 15. HP: 115/141 MP: 14/14
 23139 | D:15     | Found a staircase to the Depths.
 23846 | D:14     | Noticed Agnes
 23855 | D:14     | Killed Agnes
 24074 | D:14     | Noticed Nessos
 24092 | D:14     | Killed Nessos
 24784 | D:13     | Found a gate to the Vaults.
 25302 | Spider:1 | Entered Level 1 of the Spider Nest
 25403 | Spider:1 | Noticed Asterion
 25409 | Spider:1 | Reached skill level 10 in Dodging
 25420 | Spider:1 | Killed Asterion
 26079 | Spider:2 | You fall into a shaft and drop 1 floor!
 26272 | Spider:3 | Noticed Bai Suzhen
 26292 | Spider:3 | Killed Bai Suzhen
 26292 | Spider:3 | Reached XP level 16. HP: 124/152 MP: 15/15
 26416 | Spider:3 | Found a runed translucent door.
 26416 | Spider:3 | Noticed Clowwww's ghost (adept DsBe)
 26471 | Spider:3 | Reached skill level 15 in Shields
 26749 | Spider:3 | Received a gift from Trog
 27188 | Spider:3 | Killed Clowwww's ghost
 27453 | Spider:3 | Noticed Mara
 27460 | Spider:3 | Noticed Erymatos's illusion
 27488 | Spider:3 | Killed Mara
 28093 | Spider:4 | Entered Level 4 of the Spider Nest
 28345 | Spider:4 | Reached skill level 1 in Evocations
 28972 | Spider:4 | Reached skill level 15 in Armour
 29473 | Spider:4 | Reached XP level 17. HP: 161/161 MP: 16/16
 29509 | Spider:4 | Got a gossamer rune of Zot
 29871 | Spider:2 | Noticed Louise
 29873 | Spider:2 | Noticed Arachne
 29889 | Spider:2 | Killed Louise
 29895 | Spider:2 | Killed Arachne
 30345 | Spider:2 | Noticed Nikola
 30357 | Spider:2 | Killed Nikola
 30365 | Spider:2 | You fall into a shaft and drop 1 floor!
 30416 | Spider:2 | Identified the Grimoire of Frigorific Transmutation
 30569 | Shoals:1 | Entered Level 1 of the Shoals
 31850 | Orc:2    | Bought the +10 plate armour of the Boiling Point {rElec
                  | rCorr MP+9 Dex-5} for 1812 gold pieces
 32320 | Shoals:2 | Noticed Suwott's ghost (adept GrFi)
 32326 | Shoals:2 | Found a transporter.
 32602 | Shoals:2 | Found a transporter.
 33065 | Shoals:2 | Killed Suwott's ghost
 33098 | Shoals:2 | Got a steaming amber ring
 33113 | Shoals:2 | Identified the ring "Heehust" {*Slow rF+ Dex+8 SInv Stlth+}
                  | (You found it on level 2 of the Shoals)
 33279 | Shoals:3 | Reached XP level 18. HP: 171/171 MP: 17/17
 33597 | Shoals:3 | Found the amulet of the Four Winds {rN+ MR+++ Clar}
 33917 | Shoals:4 | Entered Level 4 of the Shoals
 34073 | Shoals:4 | Got a glittering ruby amulet
 34075 | Shoals:4 | Identified the amulet of Diotwuitt {Regen+ Str+4 Dex+8}
                  | (You found it on level 4 of the Shoals)
 34546 | Shoals:4 | Identified the cursed +1 whip "Killer Klown's Regret"
                  | {flame, +Inv rC+ Str+2 SInv}
 34641 | Shoals:4 | Got a barnacled rune of Zot
 35330 | D:13     | You paid a toll of 16 potions of curing to enter a treasure
                  | trove
 35331 | Trove    | Entered a treasure trove
 35334 | Trove    | Got a twitching copper ring
 35336 | Trove    | Got a glittering brass ring
 35340 | Trove    | Got an ancient zirconium amulet
 35343 | Trove    | Got a brightly glowing lapis lazuli ring
 35349 | Trove    | Got a brightly glowing golden amulet
 35352 | Trove    | Got a shimmering ivory ring
 35354 | Trove    | Got a bound turquoise ring
 35362 | Trove    | Got a twitching marble ring
 35364 | Trove    | Got a glittering ivory ring
 35366 | Trove    | Got a vibrating wooden ring
 35394 | D:13     | Identified the ring of the Ancients {rF+ Int+6} (You found
                  | it in a treasure trove)
 35396 | D:13     | Identified the ring of Wimmipe {Ice rPois Int-3 SInv
                  | Stlth+} (You found it in a treasure trove)
 35398 | D:13     | Identified the ring of Antep {rCorr Str+2} (You found it in
                  | a treasure trove)
 35400 | D:13     | Identified the ring "Heeth" {+Fly rElec rPois rN+++ Str-3}
                  | (You found it in a treasure trove)
 35402 | D:13     | Identified the ring "Ocauskir" {rPois MR+ rCorr Stlth+}
                  | (You found it in a treasure trove)
 35416 | D:13     | Identified the ring "Pompau" {rPois MR+ Str-5 Int+8 SInv}
                  | (You found it in a treasure trove)
 35418 | D:13     | Identified the ring "Etoe" {Str-4 Int+7 Dex+3 Stlth-} (You
                  | found it in a treasure trove)
 35436 | D:13     | Identified the ring "Vyepuq" {rPois rF++ rC+ Str+2 Slay-2}
                  | (You found it in a treasure trove)
 35439 | D:13     | Identified the amulet "Abieseuc" {rF+ rC+ Regen+} (You
                  | found it in a treasure trove)
 35441 | D:13     | Identified the amulet "Ebbocve" {Faith *Contam rF+ Dex+4
                  | Slay+2 Stlth-} (You found it in a treasure trove)
 35631 | Temple   | Entered the Ecumenical Temple
 36149 | Elf:1    | Entered Level 1 of the Elven Halls
 36149 | Elf:1    | Found Hecheisch's Magic Scroll Shoppe.
 36172 | Elf:1    | Bought a scroll of identify for 28 gold pieces
 36172 | Elf:1    | Bought a scroll of identify for 28 gold pieces
 37050 | Elf:1    | Noticed Roxanne
 37067 | Elf:1    | Killed Roxanne
 37381 | Elf:2    | Received a gift from Trog
 37443 | Elf:2    | Found Qoen's Magic Scroll Boutique.
 37451 | Elf:2    | Bought a scroll of enchant armour for 135 gold pieces
 37451 | Elf:2    | Bought a scroll of enchant armour for 135 gold pieces
 37525 | Elf:2    | Found Lestreffo's Jewellery Emporium.
 37527 | Elf:2    | Found Sunyim's Gadget Boutique.
 37541 | Elf:2    | Found Rezxak's Jewellery Emporium.
 37595 | Elf:2    | Reached XP level 19. HP: 181/181 MP: 18/18
 37708 | Elf:2    | Found a runed translucent gate.
 37708 | Elf:2    | Found a runed translucent gate.
 37708 | Elf:2    | Found a runed translucent gate.
 37945 | Elf:2    | Cast into level 2 of the Abyss (+3 lajatang of distortion)
 38144 | Abyss:2  | Received a gift from Trog
 38168 | Abyss:2  | Found a corrupted altar of Lugonu.
 38200 | Abyss:2  | Lost intelligence.
 38490 | Elf:2    | Escaped the Abyss
 38904 | Elf:3    | Entered Level 3 of the Elven Halls
 39341 | Elf:3    | Received a gift from Trog
 39358 | Elf:3    | Identified the ring of Sutsebb {Dex+3 SInv}
 39359 | Elf:3    | Noticed a Tzitzimitl
 39359 | Elf:3    | Noticed a Brimstone Fiend
 39366 | Elf:3    | Noticed a Brimstone Fiend
 39380 | Elf:3    | Cast into level 2 of the Abyss (a deep elf demonologist)
 39386 | Abyss:2  | Found a corrupted altar of Lugonu.
 39496 | Elf:3    | Escaped the Abyss
 39776 | Elf:3    | Found Raujalot's Gadget Boutique.
 39893 | Elf:3    | Identified the +1 mace of Mehonkif {drain, rN+}
 39893 | Elf:3    | Identified the +7 executioner's axe of Watchfulness {drain,
                  | rElec rN+ Int+3}
 39893 | Elf:3    | Identified the ring "Jiom" {Int+7 Stlth-}
 39897 | Elf:3    | Identified the +1 robe of Boiz {rElec Str+3}
 39914 | Elf:3    | Identified the cursed +0 falchion "Ropoohiori" {vorpal,
                  | Stlth+}
 39924 | Elf:3    | Received a gift from Trog
 39932 | Elf:3    | Reached XP level 20. HP: 106/192 MP: 19/19
 39965 | Elf:3    | Identified the cursed +2 falchion "Veupoy" {vorpal, Int+5}
 39965 | Elf:3    | Cast into level 2 of the Abyss (a deep elf demonologist)
 40262 | Abyss:2  | Lost intelligence.
 40452 | Abyss:2  | Received a gift from Trog
 40491 | Abyss:2  | Lost intelligence.
 40494 | Abyss:2  | Gained mutation: Your body sometimes deteriorates upon
                  | taking damage. [a cacodemon]
 40499 | Elf:3    | Escaped the Abyss
 40519 | Elf:3    | HP: 9/193 [deep elf elementalist/fireball (12)]
 41369 | Elf:3    | Identified a +2 pair of boots of running (You found it on
                  | level 3 of the Elven Halls)
 41382 | Elf:3    | Got a pair of heavily runed boots
 41393 | Elf:3    | Identified the cursed -1 pair of boots of Conscience {rF++
                  | Str+2} (You found it on level 3 of the Elven Halls)
 41661 | Vaults:1 | Entered Level 1 of the Vaults
 41661 | Vaults:1 | Found Mipo Boe's Distillery.
 41672 | Vaults:1 | Bought 2 potions of haste for 300 gold pieces
 41672 | Vaults:1 | Bought a potion of heal wounds for 75 gold pieces
 41672 | Vaults:1 | Bought a potion of heal wounds for 75 gold pieces
 41672 | Vaults:1 | Bought a potion of heal wounds for 75 gold pieces
 41672 | Vaults:1 | Bought a potion of curing for 45 gold pieces
 41672 | Vaults:1 | Bought a potion of haste for 150 gold pieces
 41869 | Vaults:1 | Found Larudeo's Magic Scroll Shop.
 41914 | Vaults:1 | Found Awemeu's Distillery.
 41917 | Vaults:1 | Bought a potion of curing for 45 gold pieces
 42051 | Vaults:1 | Found Xaatwy's Armour Boutique.
 42124 | Vaults:1 | Found Zuffiaz's Book Boutique.
 42666 | Vaults:1 | Received a gift from Trog
 43136 | Vaults:2 | Found a ruined gateway.
 44162 | Vaults:3 | Received a gift from Trog
 44191 | Vaults:3 | Found a staircase to the Crypt.
 44376 | Vaults:3 | Noticed Frederick
 44381 | Vaults:3 | Received a gift from Trog
 44387 | Vaults:3 | Killed Frederick
 44631 | Vaults:3 | Reached XP level 21. HP: 202/202 MP: 20/20
 45807 | Vaults:4 | Found a flickering gateway to a bazaar.
 45818 | Vaults:4 | Reached skill level 15 in Dodging
 45827 | Bazaar   | Entered a bazaar
 45868 | Bazaar   | Found Dickadih's General Store.
 45890 | Bazaar   | Found Okos's Book Shoppe.
 45922 | Bazaar   | Found Ynomej's Antique Armour Shoppe.
 45933 | Bazaar   | Found Piwkoinn's Armour Shoppe.
 45944 | Bazaar   | Found Diwanom's Weapon Emporium.
 45953 | Bazaar   | Acquired the +0 cloak of Indomitability {*Drain rElec rC++
                  | Int+4}
 45955 | Bazaar   | Acquired 520 gold pieces
 45986 | Bazaar   | Acquired 3190 gold pieces
 45990 | Bazaar   | Bought the +0 cloak of Follow the Leader {*Contam Harm rF+
                  | MR+} for 277 gold pieces
 45990 | Bazaar   | Bought the +9 pearl dragon scales of Immorality {+Fly rElec
                  | rF+ rN+ Stlth+} for 2155 gold pieces
 46045 | Bazaar   | Bought a ration for 40 gold pieces
 46045 | Bazaar   | Bought a ration for 40 gold pieces
 46045 | Bazaar   | Bought a ration for 40 gold pieces
 46045 | Bazaar   | Bought a potion of curing for 24 gold pieces
 46045 | Bazaar   | Bought a scroll of enchant weapon for 60 gold pieces
 46254 | Vaults:4 | Received a gift from Trog
 46834 | Vaults:4 | Received a gift from Trog
 47286 | Vaults:1 | Bought a scroll of identify for 32 gold pieces
 47286 | Vaults:1 | Bought a scroll of identify for 32 gold pieces
 47286 | Vaults:1 | Bought a scroll of summoning for 152 gold pieces
 47286 | Vaults:1 | Bought a scroll of teleportation for 48 gold pieces
 47286 | Vaults:1 | Bought a scroll of remove curse for 48 gold pieces
 47286 | Vaults:1 | Bought a scroll of remove curse for 48 gold pieces
 47286 | Vaults:1 | Bought 2 scrolls of identify for 64 gold pieces
 47286 | Vaults:1 | Bought a scroll of magic mapping for 56 gold pieces
 47286 | Vaults:1 | Bought a scroll of identify for 32 gold pieces
 47286 | Vaults:1 | Bought a scroll of enchant weapon for 120 gold pieces
 47286 | Vaults:1 | Bought a scroll of teleportation for 48 gold pieces
 47286 | Vaults:1 | Bought a scroll of identify for 32 gold pieces
 47572 | Crypt:1  | Entered Level 1 of the Crypt
 48040 | Crypt:1  | Received a gift from Trog
 48212 | Crypt:1  | Reached XP level 22. HP: 133/215 MP: 21/21
 49533 | Crypt:3  | Entered Level 3 of the Crypt
 49594 | Crypt:3  | Received a gift from Trog
 49869 | Crypt:3  | Got a fine turquoise ring
 49869 | Crypt:3  | Got a heavily runed iron ring
 49869 | Crypt:3  | Got a twitching bone ring
 49873 | Crypt:3  | Identified the ring of Afoidann {rElec rN+} (You found it
                  | on level 3 of the Crypt)
 49875 | Crypt:3  | Identified the ring "Buzu" {rElec rN+ MR- Dex+6} (You found
                  | it on level 3 of the Crypt)
 49877 | Crypt:3  | Identified the ring "Urhocs" {+Blink rN+ Int-4 Dex+3} (You
                  | found it on level 3 of the Crypt)
 49879 | Crypt:3  | Got a transparent amethyst amulet
 49880 | Crypt:3  | Identified the amulet "Ilipput" {Reflect Fragile rC+ Str+4
                  | Dex+2 SH+5} (You found it on level 3 of the Crypt)
 50162 | Crypt:3  | Got a steaming morningstar
 50163 | Crypt:3  | Identified the cursed +0 morningstar of Iteofu {drain, rF+}
                  | (You found it on level 3 of the Crypt)
 50168 | Crypt:3  | Found a staircase to the Tomb.
 50168 | Crypt:3  | Noticed an ancient lich
 50173 | Crypt:3  | Killed an ancient lich
 50322 | Crypt:3  | Got a bound platinum ring
 50376 | Crypt:3  | Received a gift from Trog
 50664 | Crypt:3  | Found an ancient bone altar of Kikubaaqudgha.
 50679 | Crypt:3  | Reached skill level 5 in Stealth
 50690 | Crypt:3  | Noticed an ancient lich
 50706 | Crypt:3  | Killed an ancient lich
 50753 | Crypt:3  | Identified the Volume of Beguiling and Attacks
 51288 | Depths:1 | Entered Level 1 of the Depths
 51391 | Depths:1 | Received a gift from Trog
 52024 | Depths:1 | Found a gateway to Hell.
 52073 | Depths:1 | Found a one-way gate leading to the halls of Pandemonium.
 52079 | Depths:1 | Got a flickering brass ring
 52346 | Depths:1 | Reached XP level 23. HP: 227/227 MP: 22/22
 52376 | Depths:1 | Identified the ring of Kogeguah {rC+ EV+4 Str+5} (You found
                  | it on level 3 of the Crypt)
 52381 | Depths:1 | Identified the ring of the Moon {rC- Str+3 Int+6} (You
                  | found it on level 1 of the Depths)
 52389 | Depths:1 | Got a shimmering iron ring
 52553 | Depths:2 | Received a gift from Trog
 52786 | Depths:2 | Identified the ring "Werizimo" {*Contam rElec rF+ Str+8
                  | Int+6} (You found it on level 1 of the Depths)
 52791 | Depths:2 | Noticed a juggernaut
 52813 | Depths:2 | Killed a juggernaut
 53063 | Depths:2 | Received a gift from Trog
 53553 | Depths:3 | Found an iron altar of Okawaru.
 53680 | Depths:3 | Noticed a juggernaut
 53682 | Depths:3 | Noticed a juggernaut
 53688 | Depths:3 | Killed a juggernaut
 53694 | Depths:3 | Killed a juggernaut
 53825 | Depths:3 | Received a gift from Trog
 53895 | Depths:3 | Got a glimmering plate armour
 53896 | Depths:3 | Identified the cursed +0 plate armour of Virtue {-Tele +Inv
                  | rPois Slay+2} (You found it on level 3 of the Depths)
 53937 | Depths:3 | Noticed Mennas
 53958 | Depths:3 | Killed Mennas
 54217 | Depths:3 | Reached XP level 24. HP: 220/238 MP: 22/22
 54938 | Depths:3 | Found a one-way gate to the infinite horrors of the Abyss.
 55185 | Depths:4 | Gained mutation: Your magical capacity is low. (-10% MP)
                  | [mutagenic glow]
 55191 | Depths:4 | Reached skill level 27 in Shields
 55304 | Depths:4 | Found a gateway to a ziggurat.
 56282 | Depths:4 | Received a gift from Trog
 56533 | Depths:4 | Acquired the +0 tower shield "Jufuffo" {MR+ MP+9 Str+3}
 56628 | Depths:5 | Entered Level 5 of the Depths
 56865 | Depths:5 | Found a gate to the Realm of Zot.
 57981 | Depths:5 | Received a gift from Trog
 58233 | Depths:5 | Found a shattered altar of Ashenzari.
 58919 | Slime:1  | Entered Level 1 of the Pits of Slime
 60030 | Slime:3  | Reached XP level 25. HP: 250/250 MP: 20/20
 60038 | Slime:3  | Gained mutation: Your body often deteriorates upon taking
                  | damage. [a shining eye]
 60610 | Slime:4  | Gained mutation: You do not regenerate when monsters are
                  | visible. [a shining eye]
 60620 | Slime:4  | Gained mutation: Scrolls take you a little longer to read.
                  | [a shining eye]
 61204 | Slime:5  | Entered Level 5 of the Pits of Slime
 61237 | Slime:5  | Gained mutation: You occasionally shout uncontrollably at
                  | your foes. [a shining eye]
 61246 | Slime:5  | Noticed the Royal Jelly
 61698 | Slime:5  | Paralysed by a floating eye for 2 turns
 61994 | Slime:5  | Killed the Royal Jelly
 62134 | Slime:5  | Got a slimy rune of Zot
 62157 | Slime:5  | Found the +4 dagger "Morg" {pain, MR+ Int+5}
 62186 | Slime:5  | Got a bloodstained plate armour
 62215 | Slime:5  | Identified the +2 plate armour of a sewer {Harm rElec rC+}
                  | (You found it on level 5 of the Pits of Slime)
 63015 | Vaults:1 | Paralysed by fainting for 12 turns
 63190 | Elf:1    | Lost mutation: Your magical capacity is low. (-10% MP)
                  | [potion of mutation]
 63190 | Elf:1    | Lost mutation: Scrolls take you a little longer to read.
                  | [potion of mutation]
 63190 | Elf:1    | Lost mutation: You occasionally shout uncontrollably at
                  | your foes. [potion of mutation]
 63190 | Elf:1    | Gained mutation: You possess an exceptional clarity of
                  | mind. [potion of mutation]
 63191 | Elf:1    | Lost mutation: You do not regenerate when monsters are
                  | visible. [potion of mutation]
 63191 | Elf:1    | Lost mutation: Your body often deteriorates upon taking
                  | damage. [potion of mutation]
 63191 | Elf:1    | Lost mutation: You possess an exceptional clarity of mind.
                  | [potion of mutation]
 63191 | Elf:1    | Gained mutation: You are somewhat resistant to further
                  | mutation. [potion of mutation]
 63191 | Elf:1    | Gained mutation: You have large cloven feet. [potion of
                  | mutation]
 63192 | Elf:1    | Acquired the +4 kite shield of Instinct {*Contam rN+ Regen+
                  | Stlth+}
 63478 | Hell     | Entered the Vestibule of Hell
 63478 | Hell     | Noticed Geryon
 63488 | Hell     | Received a gift from Trog
 63504 | Hell     | Killed Geryon
 63652 | Hell     | Found a gateway to the ashen valley of Gehenna.
 63838 | Hell     | Found a gateway to the Iron City of Dis.
 63945 | Hell     | Received a gift from Trog
 63946 | Hell     | Found a gateway to the decaying netherworld of Tartarus.
 64104 | Hell     | Found a gateway to the freezing wastes of Cocytus.
 64654 | Tomb:1   | Entered Level 1 of the Tomb of the Ancients
 65198 | Tomb:1   | Noticed a greater mummy
 65206 | Tomb:1   | Killed a greater mummy
 65442 | Tomb:1   | Noticed an ancient lich
 65453 | Tomb:1   | Killed an ancient lich
 65453 | Tomb:1   | Reached XP level 26. HP: 236/263 MP: 22/22
 66473 | Vaults:4 | Found a hazy altar of Hepliaklqana.
 67042 | Vaults:5 | Entered Level 5 of the Vaults
 67051 | Vaults:5 | Reached skill level 27 in Fighting
 67472 | Vaults:5 | Found the +10 tower shield of Ignorance {rN+ Int-4}
 67496 | Vaults:5 | Identified the +7 battleaxe "Moaxolulicw" {drain, rElec
                  | Str+4 Int-4}
 67519 | Vaults:5 | Found Ekhofuko's Weapon Shop.
 67624 | Vaults:5 | Received a gift from Trog
 67766 | Vaults:5 | Got a silver rune of Zot
 68304 | Vaults:5 | Got a heavily runed plate armour
 68310 | Vaults:5 | Identified the +5 plate armour of the Kettle-Drum {Str+3}
                  | (You found it on level 5 of the Vaults)
 68958 | Geh:1    | Entered Level 1 of Gehenna
 68983 | Geh:1    | Reached XP level 27. HP: 258/272 MP: 22/22
 69622 | Geh:1    | Received a gift from Trog
 69670 | Geh:1    | Found a corrupted altar of Lugonu.
 70020 | Geh:1    | Reached skill level 27 in Axes
 71518 | Geh:1    | Received a gift from Trog
 72403 | Geh:2    | Received a gift from Trog
 73875 | Geh:2    | Received a gift from Trog
 74398 | Geh:3    | Received a gift from Trog
 75782 | Geh:4    | Received a gift from Trog
 76663 | Geh:4    | Received a gift from Trog
 77249 | Geh:5    | Reached skill level 10 in Stealth
 77729 | Geh:5    | Received a gift from Trog
 78872 | Geh:6    | Received a gift from Trog
 79199 | Geh:6    | Received a gift from Trog
 80296 | Geh:6    | Received a gift from Trog
 80706 | Geh:7    | Entered Level 7 of Gehenna
 81412 | Geh:7    | Received a gift from Trog
 81773 | Geh:7    | Killed from afar by a Brimstone Fiend

Illustrated notes

Levels and vault maps discovered:
D:1:      giann_bridges, layout_loops_ring
D:2:      layout_loops_ring, uniq_robin
D:3:      layout_rooms, marbit_many_paths, ebering_ghost_reflecting_pool,
          minmay_circle_x
D:4:      layout_rooms, nrook_loot_triangle, palyth_stone_intersect
D:5:      layout_rooms, first_ration, uniq_ijyb, uniq_eustachio
D:6:      lemuel_slime, layout_loops_ring, minmay_temple_entry_butterflies,
          portal_sewer_entry_a
D:7:      layout_basic, grunt_livestock, uniq_maggie
D:8:      layout_basic, zaba_antful_of_joy
D:9:      layout_loops_ring
D:10:     layout_irregular_city, dpeg_lair_monsters, serial_bayou_pond_a
D:11:     layout_rooms, gammafunk_ghost_grave, special_room [special_room_bee],
          nrook_mini_backslash
D:12:     layout_roguey, orc_david_3, hangedman_tell_no_tales
D:13:     layout_roguey, grunt_vaults_entry_tiered, serial_shops,
          nicolae_shop_stone, enter_trove_6
D:14:     layout_stronghold, uniq_nessos, uniq_agnes
D:15:     gammafunk_depths_entry_grave, layout_cave_pools
Temple:   compressed_dpeg_triangle_lava_temple
Lair:1:   layout_regular_city, st_stairs_7, serial_bayou_shore_a
Lair:2:   layout_misc_corridors, lemuel_fruit_tree, infiniplex_staircase_pool,
          grunt_megastairs_1, uniq_gastronok
Lair:3:   layout_cave_pods, minmay_shoals_entry_lonely_mermaid,
          spider_nest_entry_rubble, minivault_23
Lair:4:   layout_long_grid, serial_bayou_pond_d
Lair:5:   layout_cave_pods, slime_altar_1
Lair:6:   evilmike_catoblepas_cave, layout_layer_cave, st_stairs_13
Shoals:1: layout_shoals
Shoals:2: layout_shoals, gammafunk_ghost_berserking_beasts
Shoals:3: layout_shoals
Shoals:4: shoals_end_grunt_ice, layout_shoals, nicolae_shoals_dead_sea_scrolls
Spider:1: layout_spider_delve, uniq_asterion
Spider:2: layout_spider_delve, uniq_arachne, uniq_nikola, uniq_louise
Spider:3: layout_chambers, gammafunk_ghost_grave, nicolae_orb_island, uniq_mara,
          uniq_bai_suzhen
Spider:4: floodkiller_spider_rune_tomb
Slime:1:  layout_caves, cheibrodos_slime_lost_civilization_5
Slime:2:  cheibrodos_slime_lost_civilization_10, layout_caves
Slime:3:  layout_caves
Slime:4:  layout_caves
Slime:5
Orc:1:    layout_caves, gammafunk_ghost_grave, minmay_orc_temple_b
Orc:2:    grunt_orc_community_town_hall, layout_diamond_mine,
          grunt_orc_community_big_house_2, grunt_orc_community_big_house_1,
          grunt_orc_community_house_3, grunt_orc_community_house_3,
          grunt_orc_community_house_2, grunt_orc_community_house_3,
          grunt_orc_community_house_2, grunt_orc_community_house_2, uniq_donald,
          uniq_urug, uniq_erolcha
Elf:1:    layout_loops_cross, serial_shops, shop, hangedman_elf_represent,
          uniq_roxanne
Elf:2:    layout_geoelf_diagonals, serial_shops, nicolae_shop_crystal,
          minmay_shop_grove
Elf:3:    grunt_elf_hall_asides, layout_geoelf_octagon, serial_shops,
          nicolae_shop_window_shopping
Vaults:1: nicolae_vaults_network_quinsquares
          [nicolae_vaults_network_quincunx_subvault,
          nicolae_vaults_network_quincunx_subvault,
          nicolae_vaults_network_quincunx_subvault,
          nicolae_vaults_network_quincunx_subvault], vaults_room_door_ring,
          v_misc_23, v_rooms_6, nicolae_vaults_rhombus_6,
          nicolae_vaults_asterisk, st_spiral_rooms, layout_vaults_quadrants,
          serial_shops, shop, shop, shop, nicolae_shop_crystal,
          nicolae_shop_waterfront
Vaults:2: ontoclasm_vaults_hangar, nicolae_vaults_big_angled_halls,
          vaults_room_pool, dpeg_vaults_monster_box,
          nicolae_vaults_hallways_thing, nicolae_vaults_twisting_passages,
          grunt_vaults_hallway_long, vaults_room_hallway,
          layout_vaults_omnicross, portal_desolation_entry_garden
Vaults:3: minmay_crypt_entry_simple_statues, nicolae_vaults_big_ls,
          vaults_room_door_ring, v_misc_28, vaults_room_hallway, v_misc_32,
          ontoclasm_vaults_gateway, ontoclasm_vaults_hangar,
          ontoclasm_vaults_decontamination, nicolae_vaults_display_case,
          nicolae_vaults_inception_scallops, v_pattern_3,
          hangedman_vaults_stream, nicolae_vaults_asterisk,
          nicolae_vaults_network_star, vaults_room_stairs_pillars,
          nicolae_vaults_specimen_jars, nicolae_vaults_shelves_hall,
          ontoclasm_vaults_claustrophobia, ontoclasm_vaults_fault,
          layout_vaults_maze, uniq_margery, uniq_frederick
Vaults:4: hangedman_vaults_locks, v_misc_4, vaults_dpeg_diagonal,
          grunt_vaults_focal, ontoclasm_vaults_chip,
          ontoclasm_vaults_ring_small, v_misc_28, grunt_vaults_funnel,
          vaults_dpeg_hooks, nicolae_vaults_gold_heap, v_misc_3,
          layout_vaults_big_room, serial_shops, bzr_entry_islet, basic_altar
Vaults:5
Crypt:1:  layout_basic, grunt_crypt_arrival_guarded_gate, grunt_megastairs_2
Crypt:2:  layout_gridlike, minivault_24
Crypt:3:  quadcrypt_mu
Tomb:1
Depths:1: minmay_cut_squares, layout_cave_pools, chequers_serial_rivers_small_3,
          pan_entry, grunt_hell_entry_dis_grunt, grunt_tough_drop, firewood_loft
Depths:2: hangedman_arch_fort, layout_cave_pools, hell_entry
Depths:3: minmay_the_grid_square_5x5_3x3 [minmay_the_grid_square_5x5_hourglass,
          minmay_the_grid_square_5x5_eight_small,
          minmay_the_grid_square_5x5_six_small,
          minmay_the_grid_square_5x5_almost_minimal,
          minmay_the_grid_square_5x5_megaprize_checkered,
          minmay_the_grid_square_5x5_n, minmay_the_grid_square_5x5_minivault,
          minmay_the_grid_square_5x5_sharp_hourglass,
          minmay_the_grid_square_5x5_inner_i], layout_basic, abyss_entry,
          hell_entry, grunt_pan_entry_zigzag, okawaru_ov_weapons_minmay,
          uniq_mennas
Depths:4: hangedman_crystal_crosses_colossus [crystal_crosses_arms_four,
          crystal_crosses_arms_two, crystal_crosses_arms_two,
          crystal_crosses_arms_one], serial_shops, hell_entry, abyss_entry
Depths:5: grunt_zot_entry_hairpin, layout_long_grid, lightli_too_deep,
          st_stairs_4, serial_bayou_ford_a, nicolae_ashenzari_panopticon
Hell
Geh:1:    layout_gehenna_lava_caves, lemuel_hellish_altar
Geh:2:    layout_gehenna_lava_caves
Geh:3:    layout_gehenna_pools_triple
Geh:4:    layout_gehenna_lava_caves, nicolae_geh_single_fiery_grave
Geh:5:    layout_gehenna_lava_caves
Geh:6:    layout_gehenna_lava_caves
Geh:7:    geh_grunt

Skill      XL: |  1  2  3  4  5  6  7  8  9 10 11 12 13 14 15 16 17 18 19 20 21 22 23 24 25 26 27 |
---------------+----------------------------------------------------------------------------------+-----
Axes           | 4 5 6 7 8 10 12 14 16 18 19 21 22 24 26 27 | 27.0
Fighting       | 4 5 6 7 8 9 11 12 14 15 16 17 18 19 20 21 23 24 25 26 27 | 27.0
Dodging        | 3 4 5 7 8 10 11 12 13 14 15 16 17 18 19 25 | 25.8
Armour         | 3 4 6 8 9 11 13 14 15 16 17 18 19 21 | 21.7
Stealth        | 1 2 3 5 6 7 12 | 12.0
Shields        | 2 8 11 14 17 19 21 23 24 25 26 27 | 27.0
Evocations     | 1 |  1.0

Action                   |  1- 3 |  4- 6 |  7- 9 | 10-12 | 13-15 | 16-18 | 19-21 | 22-24 | 25-27 || total
-------------------------+-------+-------+-------+-------+-------+-------+-------+-------+-------++-------
Melee: Hand axe          |    91 |   105 |       |       |       |       |       |       |       ||   196
       Headbutt          |    10 |    20 |    49 |    88 |   312 |   417 |   459 |   490 |   893 ||  2738
       War axe           |       |    24 |   284 |    65 |  1038 |       |       |       |       ||  1411
       Battleaxe         |       |       |     6 |   365 |       |       |       |       |       ||   371
       Broad axe         |       |       |       |       |   127 |  1634 |  1570 |  1339 |  2744 ||  7414
Invok: Berserk           |     2 |     5 |     4 |     8 |    12 |     7 |     8 |     6 |    10 ||    62
       Trog's Hand       |       |     1 |       |     4 |    12 |    16 |    17 |     9 |    19 ||    78
       Brothers in Arms  |       |       |       |     1 |    26 |    27 |     6 |     4 |    19 ||    83
 Abil: Evoke Flight      |       |       |       |       |       |       |       |       |     3 ||     3
Evoke: Wand              |       |       |       |       |       |     9 |       |       |       ||     9
  Use: Scroll            |       |       |       |    18 |     8 |     9 |     9 |    10 |     5 ||    59
       Potion            |       |       |       |       |       |     3 |     4 |       |     6 ||    13
 Stab: Distracted        |       |       |       |       |     3 |     2 |     1 |     4 |    12 ||    22
       Held in net/web   |       |       |       |       |       |     1 |       |       |       ||     1
       Sleeping          |       |       |       |       |       |       |       |    13 |    14 ||    27
       Petrified         |       |       |       |       |       |       |       |     4 |       ||     4
  Eat: Chunk             |     4 |     4 |    15 |    25 |    55 |    38 |    32 |    28 |    22 ||   223
       Ration            |       |     2 |       |     1 |     4 |     7 |     5 |     5 |    21 ||    45
Armor: Animal skin       |    26 |    48 |       |       |       |       |       |       |       ||    74
       Ring mail         |       |     5 |    22 |       |       |       |       |       |       ||    27
       Chain mail        |       |       |   100 |       |       |       |       |       |       ||   100
       Plate armour      |       |       |    51 |   271 |   525 |   301 |   468 |       |       ||  1616
       Storm dragon scal |       |       |       |       |       |   490 |       |       |       ||   490
       Pearl dragon scal |       |       |       |       |       |       |    42 |   248 |   323 ||   613
Dodge: Dodged            |    63 |   100 |   146 |   180 |   367 |   721 |   505 |   470 |   662 ||  3214
       Repelled          |       |       |       |       |       |       |       |       |    11 ||    11
Block: Kite shield       |       |       |       |    17 |   676 |  1628 |   999 |   690 |   537 ||  4547
       Reflection        |       |       |       |       |    15 |   114 |    79 |    57 |       ||   265
       Tower shield      |       |       |       |       |       |       |       |   168 |  2097 ||  2265
